 Dungeon Crawl Stone Soup version 0.29.1-15-g9cfb28693d (webtiles) character file.

Game seed: 16897376224339795193

20 booth the Chopper (level 2, 0/22 HPs)
             Began as a Demonspawn Gladiator on Mar 14, 2023.
             Succumbed to a kobold's poison
             ... on level 1 of the Dungeon.
             The game lasted 00:03:34 (670 turns).

booth the Chopper (Demonspawn Gladiator)             Turns: 670, Time: 00:03:34

Health: 0/22       AC:  4    Str: 14    XL:     2   Next: 58%
Magic:  2/2        EV: 12    Int:  9    God:
Gold:   33         SH:  0    Dex: 14    Spells: 1/1 levels left

rFire   . . .      SeeInvis .   a - +0 war axe
rCold   . . .      Faith    .   (no shield)
rNeg    . . .      Spirit   .   b - +0 leather armour
rPois   .          Reflect  .   c - +0 helmet
rElec   .          Harm     .   (no cloak)
rCorr   .          Rampage  .   (no gloves)
Will    .....                   (no boots)
Stlth   +.........              (no amulet)
HPRegen 0.07/turn               (no ring)
MPRegen 0.08/turn               (no ring)

@: lethally poisoned (0 -> -8), flying
A: demonic guardian 1
a: no special abilities


You were on level 1 of the Dungeon.
You visited 1 branch of the dungeon, and saw 1 of its levels.

You collected 33 gold pieces.

Inventory:

Hand Weapons
 a - a +0 war axe (weapon)
Missiles
 e - a javelin (quivered)
 g - a throwing net
Armour
 b - a +0 leather armour (worn)
 c - a +0 helmet (worn)
Scrolls
 f - 2 scrolls of identify {unknown}
 h - a scroll of enchant armour {unknown}
 i - a scroll of teleportation {unknown}


   Skills:
 + Level 2.2 Fighting
 * Level 3.1 Axes
 + Level 2.0 Throwing
 + Level 2.9 Dodging


You had one spell level left.
You didn't know any spells.
Your spell library contained the following spells:

 Spells                   Type           Power      Damage    Failure   Level
 Ozocubu's Armour         Ice            0%         N/A       83%         3
 Ozocubu's Refrigeration  Ice            0%         4d7       100%        7


Dungeon Overview and Level Annotations

Branches:
Dungeon (1/15)

Altars:


Innate Abilities, Weirdness & Mutations

A weak demonic guardian rushes to your aid.


Message History

You slash the goblin!
You kill the goblin!
h - a scroll labelled ZODWYWNUUCO You now have 33 gold pieces (gained 7).
Things that are here:
a +0 whip; a +0 kite shield; a goblin corpse
Found a scroll labelled BEIFUE PAUMPO.
i - a scroll labelled QAOCIE VITESI HP restored.
f - 2 scrolls labelled BEIFUE PAUMPO (gained 1)
A hobgoblin comes into view.
The hobgoblin shouts!
A kobold comes into view. It is wielding a +1 dagger of venom.
The kobold shouts!
The hobgoblin barely misses you.
You slash the hobgoblin!
You kill the hobgoblin!
You closely miss the kobold. The kobold misses you.
You barely miss the kobold. The kobold barely misses you.
The kobold hits you with a +1 dagger of venom.
You are poisoned.
You closely miss the kobold.
You feel very sick.
A frilled lizard comes into view.
The kobold hits you with a +1 dagger of venom.
You are lethally poisoned!
The frilled lizard hisses angrily.
You hit the kobold.
You kill the kobold!
You feel very sick.
You feel very sick.
* * * LOW HITPOINT WARNING * * *
You feel very sick.
* * * LOW HITPOINT WARNING * * *
You feel sick.
Okay, then.
It was a potion of flight.
You feel very buoyant.
You fly up into the air.
You die...

. ##....###
#l##.......#
.........# .......
#.##.).######
#............
#####.####### #.#
#@# #.# #######
#.# ......#
#######.#
......####.......#
####....##.#######
#).#....##.#
....##..##.#
.....#.....#


There were no monsters in sight!

Vanquished Creatures
  A dart slug (D:1)
  2 ball pythons (D:1)
  An endoplasm (D:1)
  A giant cockroach (D:1)
  2 goblins (D:1)
  2 hobgoblins (D:1)
  2 kobolds (D:1)
  A quokka (D:1)
  A bat (D:1)
  A rat (D:1)
14 creatures vanquished.

Vanquished Creatures (collateral kills)
  A hobgoblin (D:1)
  A rat (D:1)
2 creatures vanquished.

Grand Total: 16 creatures vanquished

Notes
Turn   | Place    | Note
-------+----------+-------------------------------------------
     0 | D:1      | booth the Demonspawn Gladiator began the quest for the Orb.
     0 | D:1      | Reached XP level 1. HP: 16/16 MP: 1/1
   127 | D:1      | Found a faded altar of an unknown god.
   242 | D:1      | Gained mutation: A weak demonic guardian rushes to your
                  | aid. [demonic ancestry]
   242 | D:1      | Reached XP level 2. HP: 4/22 MP: 2/2
   277 | D:1      | Reached skill level 3 in Axes
   670 | D:1      | Succumbed to a kobold's poison

Illustrated notes

Levels and vault maps discovered:
D:1:      saegor_arrival_fortress, layout_loops_ring,
          ebering_ecumenical_altar_petrified, minmay_hexomino_c4

Skill      XL: |  1  2 |
---------------+-------+-----
Axes           | 3 |  3.1
Throwing       | 2 |  2.0
Fighting       | |  2.2
Dodging        | |  2.9

Action                   || total
-------------------------++-------
Melee: War axe           ||    46
       Punch             ||     1
Throw: Throwing net      ||     3
       Javelin           ||     1
  Use: Potion            ||     1
Armor: Leather armour    ||    20
Dodge: Dodged            ||    35
